AoeStats
← theodb

African Clearing

510473249Analyzed
4v4 RM · 10h ago on Oct 1, 2026· 25m 56s· 8 players
Game mode
Random Map
Map size
Large (8 player)
Population
200
Speed
Normal
Resources
Standard
Victory
Conquest
Starting age
Dark Age
Ending age
Imperial Age
RankedLock teamsTeams togetherTeam positionsShared explorationLock speedFull tech treeHidden civsTurbo modeCheats
Victory
Defeat
🇺🇸 Malians · United States
990
+19
🇨🇳 Spanish · China
981
+19
🇵🇪 Gurjaras · Peru
973
+19
🇨🇳 Georgians · China
959
+20
🇳🇮 Vietnamese · Nicaragua
1083
-21
🇺🇸 Ethiopians · United States
1068
-20
🇨🇳 Mongols · China
1051
-19
🇺🇸 Franks · United States
999
-17
theodb
5:23 Loom
13:32 Feudal Age
18:05 Wheelbarrow
19:30 Scale Mail Armor
20:11 Forging
20:51 Arson
20:27 Man-at-Arms
22:58 Horse Collar
Gerar1309
4:38 Loom
14:19 Feudal Age
21:39 Castle Age
21:23 Bloodlines
24:10 Forging
26:23 Husbandry
xuzhongxing
4:13 Loom
11:21 Feudal Age
14:42 Horse Collar
14:48 Double-Bit Axe
18:26 Wheelbarrow
17:39 Town Watch
17:25 Man-at-Arms
23:16 Wheelbarrow
开局一片田
12:59 Feudal Age
12:51 Loom
17:26 Castle Age
15:33 Double-Bit Axe
16:23 Gold Mining
19:14 Bow Saw
26:19 Padded Archer Armor
MYTH NICAZ
9:48 Loom
13:05 Feudal Age
14:39 Double-Bit Axe
19:47 Castle Age
18:47 Fletching
19:39 Padded Archer Armor
20:02 Crossbowman
21:31 Bodkin Arrow
aegilello
4:33 Loom
13:14 Feudal Age
21:58 Castle Age
24:30 Wheelbarrow
Atopos
11:11 Feudal Age
10:16 Loom
16:46 Loom
19:11 Castle Age
17:10 Double-Bit Axe
18:56 Loom
22:40 Horse Collar
23:15 Bow Saw
23:28 Fletching
23:38 Padded Archer Armor
26:27 Bodkin Arrow
Wgonzalez079389
3:27 Loom
13:47 Feudal Age
14:27 Double-Bit Axe
18:25 Man-at-Arms
25:19 Fletching
Connection lost

Rejoining the realm…

Still unreachable

The connection could not be restored.

Session expired

The server has moved on; the page needs a fresh start.